 Dungeon Crawl Stone Soup version 0.28.0-45-g0d030f2227 (webtiles) character file.

Game seed: 6713747788646344022

78165 CryoSword the Warrior (level 15, -3/256 HPs)
             Began as an Ogre Berserker on Apr 17, 2022.
             Was a High Priest of Trog.
             Slain by Winged's ghost (15 damage)
             ... on level 1 of the Orcish Mines.
             The game lasted 00:50:08 (31132 turns).

CryoSword the Warrior (Ogre Berserker)             Turns: 31132, Time: 00:50:09

Health: -3/256     AC:  7    Str: 31    XL:     15   Next: 59%
Magic:  15/15      EV: 19    Int: 10    God:    Trog [*****.]
Gold:   1736       SH:  0    Dex: 12    Spells: 14/14 levels left

rFire   . . .      SeeInvis +   s - +3 giant spiked club
rCold   . . .      Faith    .   (shield currently unavailable)
rNeg    . . .      Spirit   .   N - +0 troll leather armour
rPois   .          Reflect  .   (helmet restricted)
rElec   .          Harm     .   x - +1 cloak of Starlight {*Dazzle EV+4 Stlth--}
rCorr   .          Rampage  .   (gloves unavailable)
Will    +++..                   (boots unavailable)
Stlth   ..........              F - amulet of regeneration
HPRegen 3.12/turn               f - ring of see invisible
MPRegen 0.14/turn               o - +6 ring of strength

@: berserking, strong-willed, regenerating, very quick
A: large, unfitting armour, tough skin 1
a: Renounce Religion, Berserk, Trog's Hand, Brothers in Arms


You were on level 1 of the Orcish Mines.
You worshipped Trog.
Trog was extremely pleased with you.
You visited 3 branches of the dungeon, and saw 21 of its levels.
You also visited: Volcano.

You collected 2224 gold pieces.
You spent 488 gold pieces at shops.

Inventory:

Hand Weapons
 s - a +3 giant spiked club (weapon)
   (You took it off an ogre on level 5 of the Dungeon)
Missiles
 c - 10 curare-tipped darts
 g - 6 javelins (quivered)
 j - 31 poisoned darts
 m - 20 boomerangs
 q - 2 throwing nets
 B - a silver boomerang
 E - 31 large rocks
Armour
 x - the +1 cloak of Starlight (worn) {*Dazzle EV+4 Stlth--}
   (You bought it in a shop on level 2 of the Orcish Mines)

   It may blind those who miss an attack against the wearer in melee combat.
   EV:        It affects your evasion (+4).
   Stlth:     It makes you much less stealthy.
 N - a +0 troll leather armour (worn)
   (You found it on level 13 of the Dungeon)
Jewellery
 f - a ring of see invisible (left hand)
   (You found it on level 12 of the Dungeon)
 i - a +6 ring of dexterity
   (You found it on level 2 of the Dungeon)
 n - an amulet of reflection
   (You found it on level 3 of the Dungeon)
 o - a +6 ring of strength (right hand)
   (You found it on level 3 of the Lair of Beasts)
 y - a ring of protection from cold
   (You found it on level 4 of the Lair of Beasts)
 A - a ring of flight
   (You found it on level 8 of the Dungeon)
 F - an amulet of regeneration (around neck)
   (You found it on level 2 of the Lair of Beasts)
 J - a ring of protection from cold
   (You found it on level 4 of the Lair of Beasts)
 S - a ring of poison resistance
   (You found it on level 15 of the Dungeon)
Wands
 h - a wand of digging (11)
   (You found it on level 11 of the Dungeon)
 u - a wand of acid (18)
   (You found it on level 7 of the Dungeon)
 H - a wand of flame (11)
   (You found it on level 1 of the Lair of Beasts)
Scrolls
 r - 10 scrolls of teleportation {@r4}
 D - 4 scrolls of magic mapping
 K - a scroll of enchant armour
 L - a scroll of identify {@r1}
 P - a scroll of fog
Potions
 b - 3 potions of magic
 e - 6 potions of curing {@q1}
 k - 5 potions of might
 l - 4 potions of attraction {!q}
 p - 2 potions of haste {@q3}
 v - 6 potions of lignification {!q}
 z - a potion of mutation {!q}
 C - a potion of cancellation
 G - 6 potions of ambrosia
 I - 4 potions of resistance
Miscellaneous
 M - a condenser vane (inert)
   (You found it on level 13 of the Dungeon)


   Skills:
 + Level 16.5 Fighting
 * Level 16.4 Maces & Flails
 + Level 11.0 Throwing
 * Level 13.8 Dodging
 + Level 3.7 Evocations


You had 14 spell levels left.
You didn't know any spells.
Your spell library was empty.

Dungeon Overview and Level Annotations

Branches:
Dungeon (15/15)            Temple (0/1) D:5            Lair (4/6) D:9
  Swamp (0/4) Lair:3       Spider (0/4) Lair:3          Orc (2/2) D:12
    Elf (0/3) Orc:2        Vaults (0/5) D:13         Depths (0/4) D:15
Volcano (visited)

Altars:
Dithmenos
Nemelex Xobeh
Yredelemnul
Beogh

Shops:
Orc:1 (   Orc:2 :[[=

Annotations:
D:11 1 runed translucent door, Peloso's ghost, journeyman MiFi
Orc:1 1 transporter, Winged's ghost, journeyman GrFi


Innate Abilities, Weirdness & Mutations

You are too large for most types of armour.
You have tough skin. (AC +1)


Message History

You feel yourself slow down. The orc misses you.
The orc wizard barely misses you.
You impale the orc wizard!!
You kill the orc wizard!
Trog accepts your kill.
Trog appreciates your killing of a magic user.
The orc completely misses you.
You bludgeon the orc!!
You kill the orc!
Trog accepts your kill.
Things that are here:
a +0 club; an orc corpse You start to feel less resistant.
You start resting.
You feel the effects of Trog's Hand fading.
You start resting.
Your resistance to elements expires.
You start resting.
Your skin stops crawling.
You feel less strong-willed.
You start resting.
Unknown command.
You now have 1685 gold pieces (gained 62).
Items here: )) [[ †.
You now have 1706 gold pieces (gained 21).
Items here: ))))) [ †.
The warg howls!
You hear a howl!
The warg howls! x2; You hear a howl! x2
The warg howls!
You now have 1736 gold pieces (gained 30).
Items here: )) [ †.
Things that are here:
a +0 giant spiked club; a +0 giant club; a two-headed ogre corpse The warg howls!
The warg howls! x2; You hear a howl!
The warg howls!
Key pressed, stopping explore.
Key pressed, stopping explore.
Things that are here:
a +3 mace; an orc skeleton You see here a +0 dagger.
Partly explored, unvisited transporter.
Partly explored, unvisited transporter.
Partly explored, unvisited transporter.
Partly explored, unvisited transporter.
Okay, then.
Things that are here:
a +0 dagger; a +0 robe; an orc skeleton
Things that are here:
a +0 club; an orc skeleton The warg howls!
The moth of wrath's fur bristles in rage as it notices you.
The warg howls!
The warg howls! x2
The warg stops to sniff the ground.
There is a transporter here.
You enter the transporter and appear at another place.
Winged's ghost turns its malevolent gaze towards you.
The warg closely misses you. The moth of wrath bites you!
You thump the moth of wrath! The warg closely misses you.
The moth of wrath goads the warg on!
The warg goes berserk!
The moth of wrath goads the warg on!
The warg goes berserk!
The warg bites you!! The warg barely misses you.
Unknown command.
Unknown command.
Your skin crawls.
You feel strong-willed. The warg bites you! The warg barely misses you.
The moth of wrath bites you! Winged's ghost barely misses you.
The warg completely misses you.
Your ogre goes berserk!
The warg completely misses you. The warg barely misses your ogre.
The warg closely misses you. The warg bites you.
The moth of wrath completely misses you.
The moth of wrath's sight is seared by the starlight!
The warg bites you but does no damage. The warg bites your ogre!
Winged's ghost hits you.
Unknown command.
Unknown command.
A red film seems to cover your vision as you go berserk!
You feel yourself moving faster!
You feel mighty! Trog will no longer gift you weapons.
The warg barely misses you. The warg misses you. The moth of wrath bites you!
The warg bites you! The warg completely misses you. The warg bites you!!
The warg bites your ogre.
Your ogre misses the warg. Winged's ghost closely misses you.
You catch the helpless moth of wrath completely off-guard!
You pound the moth of wrath like an anvil!!!
You kill the moth of wrath!
Trog accepts your kill. The warg bites you!
* * * LOW HITPOINT WARNING * * *
The warg barely misses you. The warg misses you.
Your ogre barely misses the warg.
The warg closely misses you. x2
You completely miss the warg. The warg barely misses you.
Winged's ghost hits you!
* * * LOW HITPOINT WARNING * * *
The warg bites you!
* * * LOW HITPOINT WARNING * * *
The warg barely misses you. The warg bites you!
* * * LOW HITPOINT WARNING * * *
Your ogre closely misses the warg.
The warg rages.
The warg bites you but does no damage.
You skewer the warg like a kebab!!!
You feel the power of Trog in you as your rage grows.
You kill the warg!
Trog accepts your kill.
Trog will now gift you melee weapons as you gain piety.
The warg bites you.
* * * LOW HITPOINT WARNING * * *
Your ogre hits the warg with a +0 giant spiked club!!!
The warg barely misses you.
You closely miss the warg. The warg bites you!
* * * LOW HITPOINT WARNING * * *
Your ogre closely misses the warg.
You puncture the warg! The warg bites you!!
* * * LOW HITPOINT WARNING * * *
The warg bites you!
* * * LOW HITPOINT WARNING * * *
The warg closely misses you.
Your ogre closely misses the warg.
You hammer the warg like a gong!!!
You feel the power of Trog in you as your rage grows.
You kill the warg!
Trog accepts your kill. The warg bites you!
* * * LOW HITPOINT WARNING * * *
You sock the warg! The warg bites you!
* * * LOW HITPOINT WARNING * * *
The warg misses you. Winged's ghost closely misses you.
The warg rages.
You impale the warg!!
You kill the warg!
Trog accepts your kill.
Your ogre hits the warg with a +0 giant spiked club!!
The warg bites your ogre. The warg bites you but does no damage.
Winged's ghost hits you!
* * * LOW HITPOINT WARNING * * *
You strike the helpless warg from behind!
You crush the warg like a grape!!!
You kill the warg!
Trog accepts your kill.
You hear a howl!
Your ogre rages.
The warg barely misses you.
Your Throwing skill increases to level 11!
You completely miss the warg.
Your ogre hits the warg with a +0 giant spiked club!!
Winged's ghost hits you!
You die...

## #.........)#####.##.#..##
##...#....##.h©...#.....##
#.......##....#..##.#...#
##......#...#...#.#.#..##
#.......##..##.#. #....##
##......©#.#...#$##.....##
##.....##.h...#!#.......#
#......#..h#W.=[#©......##
##.#...#.#O@h#.)#........###
####..##.#....$##.)..#.#.#.
##..#...#.#..#...)##....
##.#...#.#..#........#.
#.#.......##..#....###
#.###...###........###
#...#####.........##.#
###...................
########............


You could see 3 wargs, Winged's ghost and a friendly ogre (summoned, berserk).

Vanquished Creatures
  An orc warlord (Orc:2)
  Nessos (Orc:2)
  A fire dragon (Lair:1)
  Erolcha (Orc:2)
  A rakshasa (D:14)
  4 boulder beetles
  An ogre mage (Orc:1)
  9 hydras
  9 two-headed ogres
  6 centaur warriors
  9 slime creatures
  2 tengu warriors
  4 death yaks
  Sonja (Orc:1)
  An orc high priest (Orc:2)
  A lindwurm (Lair:1)
  3 deep elf zephyrmancers (D:15)
  5 orc sorcerers
  A wolf spider (Lair:3)
  2 deep elf pyromancers
  4 orc knights (Orc:2)
  A necromancer (D:15)
  5 cyclopes
  7 ugly things
  A moth of wrath (Orc:1)
  9 elephants
  6 centaur zombies
  3 black mambas
  2 gargoyles
  8 cane toads
  An unseen horror (D:10)
  5 komodo dragons
  3 rime drakes (Lair:4)
  A komodo dragon (shapeshifter) (D:15)
  4 yaktaurs (D:15)
  2 efreet
  2 kobold demonologists
  A tengu conjurer (D:14)
  A queen bee (Lair:4)
  4 trolls
  2 polar bears
  3 meliai (Lair:4)
  A wolf spider simulacrum (D:15)
  A hornet (D:11)
  Prince Ribbit (D:5)
  11 blink frogs
  A meliai zombie (D:15)
  A shadow (D:13)
  2 jumping spiders (Lair:3)
  2 centaur simulacra
  A culicivora (shapeshifter) (D:15)
  5 wyverns
  2 vampires
  2 wraiths
  3 basilisks
  8 yaks
  A fire bat (Volcano)
  A redback (Lair:3)
  9 vampire mosquitoes
  3 steam dragons
  Menkaure (D:5)
  13 wargs
  15 water moccasins
  4 acid dragons
  4 black bears
  27 orc warriors
  3 necrophages
  A black bear (shapeshifter) (D:15)
  5 ogres
  5 wolves (Lair:2)
  17 centaurs
  5 kobold brigands
  2 gnoll sergeants
  15 bullfrogs
  A scorpion (D:6)
  31 killer bees (Lair:4)
  4 wights (D:6)
  A howler monkey (D:13)
  2 electric eels
  A lava snake (D:14)
  30 orc priests
  3 hounds
  2 jellies
  3 centaur skeletons
  5 iguanas
  Ijyb (D:5)
  13 orc wizards
  A killer bee zombie (D:5)
  2 hound skeletons
  Robin (D:3)
  A howler monkey zombie (D:11)
  9 gnolls
  A howler monkey skeleton (D:5)
  5 adders
  2 white imps
  An adder skeleton (D:4)
  2 worms
  A dart slug (D:3)
  104 orcs
  9 ball pythons
  6 bats
  2 endoplasms
  2 giant cockroaches
  16 goblins
  12 hobgoblins
  8 jackals
  6 frilled lizards
  19 kobolds
  5 rats
622 creatures vanquished.

Vanquished Creatures (others)
  21 fungi
  34 plants
55 creatures vanquished.

Grand Total: 677 creatures vanquished

Notes
Turn   | Place    | Note
-------+----------+-------------------------------------------
     0 | D:1      | CryoSword the Ogre Berserker began the quest for the Orb.
     0 | D:1      | Reached XP level 1. HP: 24/24 MP: 1/1
   175 | D:1      | Reached XP level 2. HP: 30/32 MP: 2/2
  1013 | D:1      | Reached XP level 3. HP: 37/40 MP: 3/3
  1639 | D:2      | Reached ** piety under Trog
  2318 | D:2      | Found a faded altar of an unknown god.
  2586 | D:3      | Reached XP level 4. HP: 39/49 MP: 4/4
  3298 | D:3      | Reached skill level 5 in Fighting
  3298 | D:3      | Reached XP level 5. HP: 47/57 MP: 3/5
  3528 | D:3      | Reached XP level 6. HP: 46/66 MP: 3/6
  4059 | D:3      | Noticed Robin
  4115 | D:3      | Killed Robin
  4474 | D:4      | Noticed a black bear
  4489 | D:4      | Killed a black bear
  4490 | D:4      | Reached skill level 5 in Maces & Flails
  4781 | D:4      | Reached XP level 7. HP: 75/75 MP: 7/7
  5153 | D:4      | Found a sparkling altar of Nemelex Xobeh.
  5223 | D:5      | Entered Level 5 of the Dungeon
  5223 | D:5      | Noticed Prince Ribbit
  5235 | D:5      | Killed Prince Ribbit
  5478 | D:5      | Reached XP level 8. HP: 32/84 MP: 8/8
  5965 | D:5      | Found a staircase to the Ecumenical Temple.
  6026 | D:5      | Reached skill level 5 in Dodging
  6303 | D:5      | Noticed Ijyb
  6432 | D:5      | Killed Ijyb
  6653 | D:5      | Noticed Menkaure
  6662 | D:5      | Killed Menkaure
  7429 | D:6      | Reached XP level 9. HP: 93/96 MP: 9/9
  9051 | D:7      | Found a shadowy altar of Dithmenos.
  9619 | D:8      | Reached skill level 1 in Throwing
 10496 | D:9      | Reached XP level 10. HP: 71/109 MP: 10/10
 10526 | D:9      | Reached skill level 10 in Fighting
 10990 | D:9      | Found a staircase to the Lair.
 10993 | D:9      | You are sucked into a shaft and drop 1 floor!
 10993 | D:10     | Entered Level 10 of the Dungeon
 11834 | D:10     | Reached skill level 10 in Maces & Flails
 12055 | D:10     | Noticed a two-headed ogre
 12063 | D:10     | Killed a two-headed ogre
 12140 | D:10     | Noticed a kobold demonologist
 12158 | D:10     | Killed a kobold demonologist
 12213 | D:10     | Killed an unseen horror
 12426 | D:10     | Noticed a five-headed hydra
 12432 | D:10     | Killed a five-headed hydra
 12433 | D:10     | Reached XP level 11. HP: 120/120 MP: 11/11
 12703 | D:11     | Noticed a six-headed hydra
 13078 | D:10     | Killed a six-headed hydra
 13252 | D:11     | Noticed a boulder beetle
 13502 | D:11     | Killed a boulder beetle
 13630 | D:11     | Found a runed translucent door.
 13630 | D:11     | Noticed Peloso's ghost (journeyman MiFi)
 13637 | D:11     | Noticed a two-headed ogre
 13692 | D:11     | Reached skill level 5 in Throwing
 13760 | D:11     | Noticed a cyclops
 14189 | D:11     | Noticed an eight-headed hydra
 14190 | D:11     | Noticed a white ugly thing
 14207 | D:11     | Killed a white ugly thing
 14442 | D:11     | Killed an eight-headed hydra
 15076 | D:11     | Paralysed by a hornet for 3 turns
 15185 | D:11     | Noticed a two-headed ogre
 15486 | D:11     | Killed a two-headed ogre
 15608 | D:11     | Noticed a two-headed ogre
 15617 | D:11     | Killed a two-headed ogre
 15688 | D:11     | Reached XP level 12. HP: 126/133 MP: 12/12
 15804 | D:11     | Killed a two-headed ogre
 15976 | Lair:1   | Entered Level 1 of the Lair of Beasts
 16013 | Lair:1   | Found a dark tunnel.
 16351 | Volcano  | Entered a volcano
 17122 | Lair:1   | Identified the +8 war axe "Zeusoev" {vorpal, Dex+4}
 17933 | Lair:1   | Noticed a seven-headed hydra
 17944 | Lair:1   | Killed a seven-headed hydra
 17995 | Lair:1   | Noticed a fire dragon
 18121 | Lair:1   | Killed a fire dragon
 18417 | Lair:1   | Identified the +5 mace "Arphuv" {freeze, rF++ rN+ Str+2}
 18419 | Lair:1   | Identified the ring "Ywuphast" {Wiz Dex+3}
 20384 | Lair:3   | Noticed a death yak
 20402 | Lair:2   | Killed a death yak
 20580 | Lair:3   | Noticed a death yak
 20580 | Lair:3   | Noticed a death yak
 20601 | Lair:3   | Killed a death yak
 20602 | Lair:3   | Reached XP level 13. HP: 134/146 MP: 13/13
 20806 | Lair:3   | Found a staircase to the Swamp.
 21188 | Lair:3   | Identified a scroll of acquirement
 21188 | Lair:3   | Acquired a manual of Dodging
 21590 | Lair:3   | Found a hole to the Spider Nest.
 23185 | Lair:4   | Reached skill level 15 in Fighting
 23185 | Lair:4   | Reached skill level 10 in Dodging
 23469 | Lair:4   | Reached *** piety under Trog
 24240 | D:12     | Found a staircase to the Orcish Mines.
 24245 | D:12     | Reached skill level 15 in Maces & Flails
 24344 | D:12     | Reached XP level 14. HP: 157/159 MP: 14/14
 25494 | D:13     | Found a gate to the Vaults.
 26393 | D:14     | Reached skill level 10 in Throwing
 26498 | D:14     | Reached skill level 1 in Evocations
 26515 | D:14     | Reached **** piety under Trog
 27601 | D:15     | Entered Level 15 of the Dungeon
 27608 | D:15     | Found a basalt altar of Yredelemnul.
 28274 | D:15     | Paralysed by an orc sorcerer for 4 turns
 28292 | D:15     | Reached XP level 15. HP: 105/164 MP: 15/15
 28502 | D:15     | Found a staircase to the Depths.
 28834 | Orc:1    | Entered Level 1 of the Orcish Mines
 28982 | Orc:2    | Entered Level 2 of the Orcish Mines
 28994 | Orc:2    | Noticed Erolcha
 29017 | Orc:2    | Killed Erolcha
 29097 | Orc:2    | Noticed Nessos
 29110 | Orc:2    | Killed Nessos
 29338 | Orc:2    | Found Nocibad's Armour Shop.
 29347 | Orc:2    | Bought the +1 cloak of Starlight {*Dazzle EV+4 Stlth--} for
                  | 488 gold pieces
 29347 | Orc:2    | Found the +1 cloak of Starlight {*Dazzle EV+4 Stlth--}
 29482 | Orc:2    | Noticed an orc warlord
 29838 | Orc:1    | Noticed Sonja
 29843 | Orc:1    | Reached ***** piety under Trog
 29850 | Orc:1    | Killed Sonja
 30082 | Orc:2    | Found a staircase to the Elven Halls.
 30132 | Orc:2    | Killed an orc warlord
 30257 | Orc:2    | Found Oneextib's Antique Armour Emporium.
 30259 | Orc:2    | Found Goast's Antique Weapon Shoppe.
 30317 | Orc:2    | Found Qokum's Book Emporium.
 30446 | Orc:2    | Found Mecheygh's Jewellery Shop.
 30593 | Orc:1    | Found Feots's Antique Weapon Boutique.
 30743 | Orc:1    | Found a transporter.
 30744 | Orc:1    | Noticed Winged's ghost (journeyman GrFi)
 30754 | Orc:1    | Found a transporter.
 31130 | Orc:1    | HP: 8/256 [Winged's ghost (11)]
 31132 | Orc:1    | Slain by Winged's ghost

Illustrated notes

Levels and vault maps discovered:
D:1:      dpeg_arrival_tiny_f, layout_rooms, serial_co_window_serial,
          co_window_paths_b, co_window_corner_a, co_window_of_opportunity_a,
          co_window_corner_a, co_window_corner_a, co_window_paths_c,
          co_window_broadway_a, co_window_broadway_a, co_window_cross_2,
          co_window_sun, co_window_4corner_b, glass_columns_b,
          minmay_shallow_snake_nest
D:2:      layout_loops_ring, dreamdust_ecumenical_altar_statues, glass_columns_c
D:3:      kennysheep_goblin_castle, layout_loops_cross
D:4:      layout_cave_pools, nemelex_diamond_rough_becter
D:5:      layout_rooms, minmay_temple_entry_statues, uniq_prince_ribbit1,
          uniq_menkaure, uniq_ijyb
D:6:      layout_rooms, minivault_4, grunt_ministairs_2,
          minmay_stone_trees_medium
D:7:      layout_cave_pools, mainiacjoe_overflow_paths, minmay_misc_feat_columns
D:8:      layout_basic
D:9:      layout_rooms, erik_lair_orcish_takeover, feat_on_display
D:10:     layout_basic, chequers_mini_garden
D:11:     minmay_razor_zed, layout_stronghold, hellmonk_ghost_big_iron
D:12:     layout_roguey, minmay_orc_entry_guard_dogs
D:13:     wad_woods_structure_01, layout_basic, nicolae_straight_to_the_point
D:14:     layout_loops_cross, kennysheep_cross_bottleneck
D:15:     grunt_enter_depths_magical_seal, layout_cave_pods,
          yredelemnul_altar_generic
Lair:1:   dragon1_lemuel, layout_regular_city, nicolae_volcano_entry_vermiform
Lair:2:   layout_cave_pods, beast_lair_carwin_1
Lair:3:   layout_regular_city, minmay_swamp_entry_reptiles,
          spider_nest_entry_funnel_web, grunt_megastairs_3
Lair:4:   regret_index_bee_streams, layout_layer_cave
Orc:1:    layout_caves, gammafunk_ghost_berserking_beasts, serial_shops, shop,
          uniq_sonja
Orc:2:    grunt_orc_community_town_hall, layout_caves,
          grunt_orc_community_big_house_1, grunt_orc_community_big_house_2,
          grunt_orc_community_house_2, grunt_orc_community_house_2,
          grunt_orc_community_house_3, grunt_orc_community_house_2,
          serial_shops, nicolae_shop_stone, mines2_david, uniq_erolcha,
          uniq_nessos

Skill      XL: |  1  2  3  4  5  6  7  8  9 10 11 12 13 14 15 |
---------------+----------------------------------------------+-----
Maces & Flails | 3 4 5 6 7 9 10 12 13 15 16 | 16.4
Dodging        | 3 4 5 6 7 8 10 13 | 13.8
Fighting       | 5 6 8 9 11 12 14 15 16 | 16.5
Throwing       | 1 4 6 8 9 10 11 | 11.0
Evocations     | 2 3 |  3.7

Action                   |  1- 3 |  4- 6 |  7- 9 | 10-12 | 13-15 || total
-------------------------+-------+-------+-------+-------+-------++-------
Melee: Mace              |   132 |   130 |       |   145 |   792 ||  1199
       Punch             |     2 |     2 |     5 |     6 |    13 ||    28
       Flail             |       |    15 |   231 |   341 |     8 ||   595
       War axe           |       |       |       |    18 |       ||    18
       Giant spiked club |       |       |       |     8 |   410 ||   418
       Scimitar          |       |       |       |       |     4 ||     4
Throw: Dart              |       |       |       |     6 |       ||     6
       Boomerang         |       |       |       |     8 |       ||     8
       Javelin           |       |       |       |       |     3 ||     3
Invok: Berserk           |     2 |     5 |    12 |    26 |    18 ||    63
       Trog's Hand       |       |     3 |    11 |     6 |    21 ||    41
       Brothers in Arms  |       |       |       |       |     2 ||     2
Evoke: Wand              |       |       |       |     2 |     1 ||     3
       Condenser vane    |       |       |       |       |     1 ||     1
  Use: Scroll            |       |       |     6 |    10 |    18 ||    34
       Potion            |       |       |     1 |     2 |     8 ||    11
 Stab: Sleeping          |     1 |       |     1 |     1 |     1 ||     4
       Invisible         |       |       |       |       |     8 ||     8
       Distracted        |       |       |       |       |     1 ||     1
Armor: Animal skin       |    56 |    25 |    39 |       |       ||   120
       Skin              |       |       |     4 |       |       ||     4
       Steam dragon scal |       |       |       |   120 |   119 ||   239
       Troll leather arm |       |       |       |       |   130 ||   130
Dodge: Dodged            |    92 |    91 |   159 |   310 |  1034 ||  1686
Block: Other             |       |     3 |    74 |   118 |       ||   195
       Reflection        |       |       |     2 |     7 |       ||     9
